 Dungeon Crawl Stone Soup version 0.20.1-1-g8b1a95d (webtiles) character file.

39 Moto the Magician (level 3, 0/17 HPs)
             Began as a Deep Elf Wizard on Nov 2, 2017.
             Splashed by a jelly's acid (8 damage)
             ... on level 6 of the Dungeon.
             The game lasted 00:09:35 (2075 turns).

Moto the Magician (Deep Elf Wizard)                 Turns: 2075, Time: 00:09:36

Health: 0/17       AC: -1    Str:  2 (4)  XL:     3   Next: 26%
Magic:  5/11       EV: 12    Int: 24 (25) God:
Gold:   99         SH:  0    Dex: 10 (13) Spells: 11/12 levels left

rFire    . . .     SeeInvis .   j - +1 mace (holy)
rCold    . . .     Gourm    .   (no shield)
rNeg     . . .     Faith    +   a - +1 robe
rPois    .         Spirit   .   b - +0 hat
rElec    .         Reflect  .   (no cloak)
rCorr    .         Harm     .   (no gloves)
MR       .....                  (no boots)
Stlth    ++........             f - amulet of faith
Regen    0.1/turn               (no ring)
MPRegen  0.2/turn               (no ring)

@: corroded, very slightly contaminated
A: clever 1, frail 1
a: no special abilities


You were on level 6 of the Dungeon.
You were not hungry.

You visited 1 branch of the dungeon, and saw 4 of its levels.

You collected 99 gold pieces.

Inventory:

Hand Weapons
 j - a +1 mace of holy wrath (weapon)
Armour
 a - a +1 robe (worn)
 b - a +0 hat (worn)
Jewellery
 f - an amulet of faith (around neck)
Scrolls
 e - a scroll of remove curse
 g - a scroll of amnesia
Books
 c - a book of Minor Magic

   Spells                             Type                      Level
   a - Magic Dart                     Conjuration                  1
   b - Blink                          Translocation                2
   c - Call Imp                       Summoning                    2
   d - Slow                           Hexes                        2
   e - Conjure Flame                  Conjuration/Fire             3
   f - Mephitic Cloud                 Conjuration/Poison/Air       3
Comestibles
 d - a meat ration


   Skills:
 + Level 2.7 Dodging
 + Level 2.8 Stealth
 + Level 5.4 Spellcasting
 + Level 1.8 Conjurations
   Level 1.1 Summonings
   Level 1.1 Translocations


You had 11 spell levels left.
You knew the following spells:

 Your Spells              Type           Power        Failure   Level  Hunger
a - Magic Dart            Conj           ###.         4%          1    None


Dungeon Overview and Level Annotations

Branches:
Dungeon (4/15)
 Temple: D:4-7

Altars:


Innate Abilities, Weirdness & Mutations

Your mind is acute. (Int +2)
You are frail. (-10% HP)


Message History

The bullfrog skeleton hits you but does no damage.
The bullfrog skeleton hits you.
Casting: Magic Dart
Confirm with . or Enter, or press ? or * to list all spells.
Aiming: Magic Dart
Press: ? - help, Shift-Dir - straight line, f/p - bullfrog skeleton
Aim: a bullfrog skeleton (heavily damaged)
The magic dart hits the bullfrog skeleton.
The bullfrog skeleton is severely damaged.
The bullfrog skeleton barely misses you.
Casting: Magic Dart
Confirm with . or Enter, or press ? or * to list all spells.
Aiming: Magic Dart
Press: ? - help, Shift-Dir - straight line, f/p - bullfrog skeleton
Aim: a bullfrog skeleton (severely damaged)
The magic dart hits the bullfrog skeleton.
The bullfrog skeleton is almost destroyed.
The jelly hits you. The acid corrodes you!
You are splashed with acid!
The acid burns!
You die...

#........
#......<#
#.......#
#.......####..
#...........$#
#.............
#>.....#
#[...JZ#
#.....@#
###....#
#....# #....#
#..... #....#
#....# #...(#


You could see a jelly and a bullfrog skeleton.

Vanquished Creatures
  An adder (D:2)
  A leopard gecko (D:1)
  An orc (D:4)
  3 goblins (D:1)
  3 hobgoblins (D:1)
  5 bats
  A frilled lizard (D:1)
  4 kobolds
  13 rats
32 creatures vanquished.

Notes
Turn   | Place    | Note
-------+----------+-------------------------------------------
     0 | D:1      | Moto the Deep Elf Wizard began the quest for the Orb.
     0 | D:1      | Reached XP level 1. HP: 10/10 MP: 7/7
   675 | D:1      | Gained mutation: You are frail. (-10% HP) [potion of mutation]
   675 | D:1      | Gained mutation: Your mind is acute. (Int +2) [potion of mutation]
   740 | D:1      | Reached skill level 5 in Spellcasting
   765 | D:1      | Reached XP level 2. HP: 13/13 MP: 5/10
  1752 | D:2      | Reached XP level 3. HP: 9/17 MP: 5/11
  1951 | D:2      | You fall through a shaft for 2 floors!
  2066 | D:4      | You fall through a shaft for 2 floors!
  2075 | D:6      | Splashed by a jelly's acid

Skill      XL: |  1 |
---------------+----+-----
Spellcasting   | 5 |  5.4
Dodging        | |  2.7
Stealth        | |  2.8
Conjurations   | |  1.8
Summonings     | |  1.1
Translocations | |  1.1

Action                   || total
-------------------------++-------
Melee: Mace              ||    22
 Cast: Magic Dart        ||    54
  Use: Scroll            ||     6
       Potion            ||     4
 Stab: Sleeping          ||     4
  Eat: Bread ration      ||     1
Armor: Robe              ||     8
Dodge: Dodged            ||    20
